 Dungeon Crawl Stone Soup version 0.31-a0-564-g3b7de120b3 (webtiles) character file.

Game seed: 4654694834651531051

9 dialectric the Sneak (level 2, -1/27 HPs)
             Began as a Minotaur Delver on Aug 17, 2023.
             Slain by a scorpion (7 damage)
             ... on level 5 of the Dungeon.
             The game lasted 00:00:24 (52 turns).

dialectric the Sneak (Minotaur Delver)                Turns: 52, Time: 00:00:25

Health: -1/27      AC:  3    Str: 16    XL:     2   Next: 3%
Magic:  1/1        EV: 11    Int:  7    God:
Gold:   0          SH:  0    Dex: 11    Spells: 1/1 levels left

rFire   . . .        a - +0 falchion
rCold   . . .        (no shield)
rNeg    . . .        b - +0 leather armour
rPois   .            (helmet restricted)
rElec   .            (no cloak)
rCorr   .            (no gloves)
SInv    .            (no boots)
Will    .....        (no amulet)
Stlth   ++           (no ring)
HPRegen 0.24/turn    (no ring)
MPRegen 0.07/turn

%: no passive effects
@: lethally poisoned (-1 -> -5)
A: horns 2, retaliatory headbutt
a: no special abilities


You were on level 5 of the Dungeon.
You visited 1 branch of the dungeon, and saw 1 of its levels.

Inventory:

Hand Weapons
 a - a +0 falchion (weapon)
Missiles
 j - 2 datura-tipped darts (quivered)
Armour
 b - a +0 leather armour (worn)
Wands
 g - a wand of digging (3)
Scrolls
 c - a scroll of fog
 d - a scroll of revelation
 e - 2 scrolls of fear
 h - a scroll of identify {unknown}
 i - a scroll of enchant weapon {unknown}
Potions
 f - a potion of haste
 k - a potion of heal wounds {unknown}


   Skills:
 + Level 3.7 Fighting
 + Level 2.5 Long Blades
 + Level 0.1 Armour
 + Level 2.2 Dodging
 + Level 4.4 Stealth


You had one spell level left.
You didn't know any spells.
Your spell library was empty.

Dungeon Overview and Level Annotations

Branches:
Dungeon (5/15)
 Temple: D:4-7

Altars:


Innate Abilities, Weirdness & Mutations

You have a pair of horns on your head.
You reflexively headbutt those who attack you in melee.


Message History

j - 3 datura-tipped darts
k - a sedimented green potion A scorpion comes into view.
Throw: 3 darts (datura)
Press: ? - help, Q - select action Shift-Dir - straight line, f - scorpion
Aim: a scorpion (52% to hit, chance to frenzy on hit: 72%)
You throw a datura-tipped dart.
The datura-tipped dart barely misses the scorpion.
Unknown command.
Unknown command.
You hit the scorpion. Your headbutt misses the scorpion.
The scorpion is lightly wounded.
The scorpion stings you.
The scorpion stings you but does no damage.
You closely miss the scorpion.
You headbutt the scorpion, but do no damage.
The scorpion is lightly wounded.
The scorpion barely misses you.
You hit the scorpion but do no damage. You headbutt the scorpion.
The scorpion is moderately wounded.
The scorpion stings you!
You barely miss the scorpion.
The scorpion is moderately wounded.
The scorpion stings you.
You are poisoned.
The scorpion poisons you! The scorpion barely misses you.
You furiously retaliate!
You headbutt the scorpion! You hit the scorpion but do no damage.
Your headbutt misses the scorpion.
The scorpion is severely wounded.
You feel very sick. The scorpion stings you.
* * * LOW HITPOINT WARNING * * *
You hit the scorpion. Your headbutt misses the scorpion.
The scorpion is almost dead.
* * * LOW HITPOINT WARNING * * *
You feel sick. The scorpion misses you.
You hit the scorpion but do no damage.
The scorpion is almost dead.
You feel sick. The scorpion stings you!
You die...

......$..........##
.....................#
............!.......##
...................##
..................##
.......?.........##
................##
.................#
(.....s@......##.#
............### #.#
.#.........## ..#
#........## <.#
#.#......## .# .
####..## .# #...#
......# .....####


You could see a scorpion.

Vanquished Creatures
  An adder (D:5)
1 creature vanquished.

Notes
Turn   | Place    | Note
-------+----------+-------------------------------------------
     0 | D:5      | dialectric the Minotaur Delver began the quest for the Orb.
     0 | D:5      | Reached XP level 1. HP: 19/19 MP: 0/0
    15 | D:5      | Reached XP level 2. HP: 17/27 MP: 1/1
    41 | D:5      | Noticed a scorpion
    52 | D:5      | Slain by a scorpion

Illustrated notes

Levels and vault maps discovered:
D:5:      layout_layer_cave

Action                     || total
---------------------------++-------
  Melee: Falchion          ||    11
         Headbutt          ||     2
  Throw: Dart              ||     1
 Armour: Leather armour    ||     2
  Dodge: Dodged            ||     4

Table legend: (Time is in decaauts)
 A = Elapsed time spent in this place.
 B = Non-inter-level travel time spent in this place.
 C = Inter-level travel time spent in this place.
 D = Time resting spent in this place.
 E = Time spent auto-exploring this place.
 F = Levels seen in this place.
 G = Mean time per level.
                   A        B        C        D        E       F      G
               +--------+--------+--------+--------+--------+-----+--------+
         Total |     53 |     53 |      0 |      0 |      0 |   1 |   53.0 |
       Dungeon |     53 |     53 |      0 |      0 |      0 |   1 |   53.0 |
               +--------+--------+--------+--------+--------+-----+--------+

Top non-repeatable levels by time:
     D:5: 53 daAuts
